 Dungeon Crawl Stone Soup version 0.22-a0-430-g6609fc65db (webtiles) character file.

2491 Manul the Carver (level 9, -7/68 HPs)
             Began as a Demonspawn Gladiator on May 26, 2018.
             Was an Initiate of Gozag.
             Mangled by epok's ghost (24 damage)
             ... on level 7 of the Dungeon.
             The game lasted 00:08:02 (6902 turns).

Manul the Carver (Demonspawn Gladiator)             Turns: 6902, Time: 00:08:03

Health: -7/68      AC:  8    Str: 20    XL:     9   Next: 27%
Magic:  9/9        EV: 19    Int:  9    God:    Gozag
Gold:   1069       SH:  0    Dex: 17    Spells: 8/8 levels left

rFire    . . .     SeeInvis .   a - +1 long sword
rCold    . . .     Gourm    .   (no shield)
rNeg     . . .     Faith    .   A - +3 leather armour
rPois    +         Spirit   .   c - +1 helmet
rElec    .         Reflect  .   (no cloak)
rCorr    .         Harm     .   (no gloves)
MR       .....                  (no boots)
Stlth    ++........             (no amulet)
HPRegen  0.21/turn              E - +4 ring of strength
MPRegen  0.11/turn              w - ring of poison resistance

@: repel missiles
A: claws 1, repulsion field 3, demonic guardian 1
a: Potion Petition, Call Merchant, Bribe Branch, Renounce Religion


You were on level 7 of the Dungeon.
You worshipped Gozag.
Gozag was most pleased with you.
You were not hungry.

You visited 1 branch of the dungeon, and saw 7 of its levels.
You also visited: Sewer.

You collected 1129 gold pieces.
You paid 60 gold pieces to Gozag.

Inventory:

Hand Weapons
 a - a +1 long sword (weapon)
 r - a +2 whip of flaming
Missiles
 d - a throwing net (quivered)
Armour
 b - a +0 leather armour
 c - a +1 helmet (worn)
 x - a +0 ring mail
 A - a +3 leather armour (worn)
Jewellery
 h - an uncursed ring of see invisible
 p - an uncursed ring of resist corrosion
 w - a ring of poison resistance (right claw)
 E - a +4 ring of strength (left claw)
 H - a +3 ring of dexterity
Wands
 B - a wand of acid (8)
 C - a wand of disintegration (11)
 D - a wand of iceblast (9)
Scrolls
 g - 5 scrolls of identify
 i - a scroll of enchant weapon
 l - 6 scrolls of remove curse
 m - 7 scrolls of teleportation
 s - 2 scrolls of amnesia
 y - a scroll of enchant armour
 F - a scroll of fog
 G - a scroll of random uselessness {unknown}
Potions
 e - a potion of flight {unknown}
 j - 4 potions of heal wounds
 k - a potion of degeneration {unknown}
 n - 2 potions of haste
 o - 3 potions of brilliance {unknown}
 q - 4 potions of curing
 t - a potion of ambrosia
 u - a potion of magic
 v - 3 potions of might
 z - 6 potions of agility
Comestibles
 f - 4 rations


   Skills:
 + Level 5.2 Fighting
 + Level 8.7 Long Blades
 - Level 1.8 Throwing
 + Level 3.3 Armour
 + Level 5.1 Dodging
 + Level 3.6 Stealth


You had 8 spell levels left.
You didn't know any spells.
Your spell library was empty.

Dungeon Overview and Level Annotations

Branches:
Dungeon (7/15)             Temple (0/1) D:4

Altars:
Ashenzari
Gozag
Hepliaklqana
Qazlal
Wu Jian

Annotations:
D:4 Grinder
D:7 epok's ghost, novice TrMo


Innate Abilities, Weirdness & Mutations

You have sharp fingernails.
You are surrounded by a strong repulsion field. (EV +4, RMsl)
A weak demonic guardian rushes to your aid.


Message History

You are too injured to fight recklessly!
You are too injured to fight recklessly!
Epok's ghost closely misses you.
You riposte.
You barely miss epok's ghost.
Epok's ghost is moderately damaged.
Your quasit closely misses epok's ghost.
Your quasit claws epok's ghost but does no damage. x2
You slash epok's ghost!
Epok's ghost is heavily damaged.
Your quasit closely misses epok's ghost.
Your quasit claws epok's ghost but does no damage.
Your quasit barely misses epok's ghost.
Epok's ghost hits you!
* * * LOW HITPOINT WARNING * * *
You barely miss epok's ghost.
Epok's ghost is heavily damaged.
Your quasit bites epok's ghost but does no damage.
Your quasit barely misses epok's ghost.
Your quasit closely misses epok's ghost.
Epok's ghost hits you!!
You die...
Your body crumbles into a pile of gold.

###### #.#####
#.########
#.........
#.........
#.........
#.......##
##.####### #..#
#@## #W# ##5#
####..###
#.......####
...
##..........#
...
#...........#
....
##...........#
.....
#............##


You could see epok's ghost and a friendly quasit.

Vanquished Creatures
  A hippogriff (D:7)
  Sigmund (D:5)
  Menkaure (D:5)
  Edmund (D:5)
  2 orc warriors
  A black bear (D:7)
  A sky beast (D:5)
  An ogre (D:5)
  A centaur (D:5)
  A big kobold (Sewer)
  2 bullfrogs (D:6)
  A wight (D:6)
  3 crimson imps
  4 jellies
  2 bullfrog zombies
  A centaur skeleton (D:4)
  An orc priest (D:6)
  An orc wizard (D:7)
  A bullfrog skeleton (D:6)
  3 iguanas
  2 worker ants
  6 adders
  5 river rats
  2 shadow imps
  2 oozes (Sewer)
  An adder zombie (D:5)
  An adder skeleton (D:6)
  A worm (D:6)
  4 dart slugs
  7 leopard geckos
  11 orcs
  3 ball pythons (Sewer)
  14 bats
  8 giant cockroaches
  6 goblins
  6 hobgoblins
  7 jackals
  A quokka (D:3)
  6 frilled lizards
  19 kobolds
  A leopard gecko skeleton (D:4)
  A quokka skeleton (D:4)
  25 rats
169 creatures vanquished.

Vanquished Creatures (collateral kills)
  Pikel (D:6)
  A wyvern skeleton (D:6)
  2 wights (D:6)
  2 orc wizards
  2 orcs (D:6)
  A jackal skeleton (D:5)
  2 kobolds (Sewer)
11 creatures vanquished.

Vanquished Creatures (others)
  A jelly (D:6)
1 creature vanquished.

Grand Total: 181 creatures vanquished

Notes
Turn   | Place    | Note
-------+----------+-------------------------------------------
     0 | D:1      | Manul the Demonspawn Gladiator began the quest for the Orb.
     0 | D:1      | Reached XP level 1. HP: 16/16 MP: 1/1
    93 | D:1      | Reached skill level 3 in Long Blades
    93 | D:1      | Gained mutation: You are surrounded by a mild repulsion field. (EV +2) [demonic ancestry]
    93 | D:1      | Reached XP level 2. HP: 22/22 MP: 2/2
   334 | D:1      | Gained mutation: You are surrounded by a moderate repulsion field. (EV +3) [demonic ancestry]
   334 | D:1      | Reached XP level 3. HP: 26/27 MP: 3/3
  1249 | D:3      | Found a hazy altar of Hepliaklqana.
  1490 | D:3      | Reached XP level 4. HP: 29/33 MP: 4/4
  1558 | D:3      | Found a stormy altar of Qazlal.
  1962 | D:3      | Found an ornate altar of the Wu Jian Council.
  2204 | D:4      | Reached skill level 4 in Long Blades
  2204 | D:4      | Reached skill level 1 in Armour
  2218 | D:4      | Gained mutation: You are surrounded by a strong repulsion field. (EV +4, RMsl) [demonic ancestry]
  2218 | D:4      | Reached XP level 5. HP: 30/38 MP: 5/5
  2587 | D:4      | Found an opulent altar of Gozag.
  2591 | D:4      | Became a worshipper of Gozag Ym Sagoz the Greedy
  2731 | D:4      | Noticed Grinder
  3130 | D:4      | Found a staircase to the Ecumenical Temple.
  3308 | D:5      | Entered Level 5 of the Dungeon
  3310 | D:5      | Noticed Menkaure
  3319 | D:5      | Killed Menkaure
  3319 | D:5      | Gained mutation: You have sharp fingernails. [demonic ancestry]
  3319 | D:5      | Reached XP level 6. HP: 42/46 MP: 6/6
  3336 | D:5      | Found a shattered altar of Ashenzari.
  3624 | D:5      | Reached skill level 5 in Long Blades
  3743 | D:5      | Noticed Edmund
  3799 | D:5      | Noticed a sky beast
  3840 | D:5      | Killed a sky beast
  4094 | D:5      | Reached skill level 1 in Stealth
  4094 | D:5      | Gained mutation: A weak demonic guardian rushes to your aid. [demonic ancestry]
  4094 | D:5      | Reached XP level 7. HP: 41/52 MP: 7/7
  4161 | D:5      | Reached skill level 6 in Long Blades
  4252 | D:5      | Killed Edmund
  4258 | D:5      | Noticed Sigmund
  4553 | D:5      | Killed Sigmund
  4754 | D:6      | Reached XP level 8. HP: 54/60 MP: 8/8
  4922 | D:5      | Reached skill level 7 in Long Blades
  5355 | D:6      | Found a glowing drain.
  5376 | Sewer    | Entered a sewer
  6076 | D:6      | Noticed Pikel
  6090 | D:6      | Killed Pikel
  6090 | D:6      | Reached skill level 8 in Long Blades
  6090 | D:6      | Reached XP level 9. HP: 61/67 MP: 9/9
  6560 | D:7      | Reached skill level 5 in Dodging
  6610 | D:7      | Reached skill level 5 in Fighting
  6866 | D:7      | Noticed epok's ghost (novice TrMo)
  6902 | D:7      | Mangled by epok's ghost

Vault maps used:
D:1:      dpeg_arrival_rooms_c, minmay_surrounded
D:3:      lemuel_crystal_altar, overflow_temple_1_default,
          grunt_qazlal_sundering, first_ration
D:4:      kennysheep_mini, minmay_temple_entry_statues, uniq_grinder
D:5:      lemuel_crystal_altar, uniq_sigmund, uniq_edmund, uniq_menkaure
D:6:      portal_sewer_entry_b, uniq_pikel
D:7:      basic_altar
Sewer:    sewer_minmay_treatment

Skill      XL: |  1  2  3  4  5  6  7  8  9 |
---------------+----------------------------+-----
Long Blades    | 3 4 5 6 8 |  8.7
Dodging        | 3 4 5 |  5.1
Armour         | 1 2 3 |  3.3
Fighting       | 3 4 5 |  5.2
Stealth        | 1 3 |  3.6
Throwing       | |  1.8

Action                   |  1- 3 |  4- 6 |  7- 9 || total
-------------------------+-------+-------+-------++-------
Melee: Long sword        |   110 |   121 |   347 ||   578
Throw: Throwing net      |       |     2 |     3 ||     5
Evoke: Wand              |       |       |     2 ||     2
  Use: Scroll            |       |     6 |     7 ||    13
       Potion            |       |     1 |       ||     1
 Stab: Sleeping          |     1 |     1 |     1 ||     3
       Distracted        |       |       |     7 ||     7
       Held in net/web   |       |       |     2 ||     2
  Eat: Chunk             |     2 |     1 |       ||     3
       Ration            |       |     2 |     3 ||     5
Armor: Leather armour    |    40 |    24 |    72 ||   136
       Ring mail         |       |     2 |       ||     2
Dodge: Dodged            |   122 |   119 |   346 ||   587
       Deflected         |       |       |     4 ||     4
       Rpst.: Long sword |    45 |    46 |    98 ||   189

Table legend:
 A = Spawn XP
 B = Non-spawn XP
 C = Spawn XP percentage of total XP
 D = Spawn monster count
 E = Non-spawn monster count
 F = Spawn count percentage of total count
 G = Total turns spent on level
                    A         B        C        D         E        F      G
               +---------+---------+-------+---------+---------+-------+---------
         Total |       0 |    3559 |   0.0 |       0 |     180 |   0.0 |  6902
               +---------+---------+-------+---------+---------+-------+---------
           D:1 |       0 |      53 |   0.0 |       0 |      27 |   0.0 |   762
           D:2 |       0 |      26 |   0.0 |       0 |      15 |   0.0 |   487
           D:3 |       0 |      34 |   0.0 |       0 |      12 |   0.0 |   946
           D:4 |       0 |     138 |   0.0 |       0 |      11 |   0.0 |  1113
           D:5 |       0 |    1163 |   0.0 |       0 |      25 |   0.0 |  1678
           D:6 |       0 |    1284 |   0.0 |       0 |      32 |   0.0 |   875
           D:7 |       0 |     661 |   0.0 |       0 |      10 |   0.0 |   494
         Sewer |       0 |     200 |   0.0 |       0 |      48 |   0.0 |   547
               +---------+---------+-------+---------+---------+-------+---------
